 Dungeon Crawl Stone Soup version 0.25-a0-663-gace7076f2c (webtiles) character file.

Game seed: 6505163841074107546, levelgen mode: deterministic

334 Esekla the Stinger (level 6, 0/39 HPs)
             Began as an Octopode Venom Mage on Mar 25, 2020.
             Was an Initiate of Ashenzari.
             Slain by an ice beast (5 damage)
             ... on level 3 of the Dungeon.
             The game lasted 00:22:11 (2775 turns).

Esekla the Stinger (Octopode Venom Mage)            Turns: 2775, Time: 00:22:11

Health: 0/39       AC:  1    Str:  8    XL:     6   Next: 53%
Magic:  11/11      EV: 14    Int: 19    God:    Ashenzari [......]
Gold:   120        SH:  0    Dex: 12    Spells: 6/12 levels left

rFire    . . .     SeeInvis .   o - +2 dagger (protect)
rCold    . . .     Gourm    .   (no shield)
rNeg     . . .     Faith    .   (helmet restricted)
rPois    .         Spirit   .   (no amulet)
rElec    .         Reflect  .   c - ring of stealth (curse)
rCorr    .         Harm     .   (no ring)
MR       .....                  (no ring)
Stlth    ++++......             (no ring)
HPRegen  0.13/turn              (no ring)
MPRegen  0.12/turn              (no ring)
                                (no ring)
                                (no ring)

@: lethally poisoned (0 -> -1)
A: almost no armour, stealthy swim, amphibious, 8 rings, constrict 8, camouflage
1, gelatinous body 1
a: Curse Item, Renounce Religion


You were on level 3 of the Dungeon.
You worshipped Ashenzari.
Ashenzari was noncommittal.
You were hungry.

You visited 1 branch of the dungeon, and saw 3 of its levels.

You collected 120 gold pieces.

Inventory:

Hand Weapons
 k - a +0 short sword
 o - a +2 dagger of protection (weapon)
Missiles
 j - 14 poisoned darts (quivered)
Armour
 p - a +0 buckler
Jewellery
 c - a cursed ring of stealth (left tentacle)
Scrolls
 d - a scroll of fog {unknown}
 f - 2 scrolls of enchant weapon {unknown}
 g - 2 scrolls of identify {unknown}
 i - a scroll of magic mapping {unknown}
 m - 2 scrolls of random uselessness {unknown}
Potions
 a - a potion of heal wounds {unknown}
 e - a potion of might {unknown}
 l - a potion of degeneration {unknown}
 n - a potion of curing {unknown}
Comestibles
 b - 9 rations


   Skills:
 * Level 1.7 Fighting
 * Level 3.0 Dodging
 + Level 3.8 Stealth
 * Level 0.2 Shields
 * Level 3.6 Spellcasting
 * Level 1.6 Conjurations
 - Level 1.0 Transmutations
 * Level 2.2 Air Magic
 + Level 4.4 Poison Magic


You had 6 spell levels left.
You knew the following spells:

 Your Spells              Type           Power        Failure   Level  Hunger
a - Sting                 Tmut/Pois      ##..         4%          1    None
c - Mephitic Cloud        Conj/Pois/Air  ##......     14%         3    ###....
v - Poisonous Vapours     Pois/Air       ###...       5%          2    ##.....

Your spell library contained the following spells:

 Spells                   Type           Power        Failure   Level  Hunger
 Ignite Poison            Fire/Tmut/Pois ##......     21%         3    ###....
 Olgreb's Toxic Radiance  Pois           ###.....     22%         4    ####...


Dungeon Overview and Level Annotations

Branches:
Dungeon (3/15)

Altars:
Ashenzari
Cheibriados
Trog
The Shining One

Annotations:
D:3 Sigmund


Innate Abilities, Weirdness & Mutations

You cannot wear most types of armour.
You are very stealthy in the water. (Stealth+)
You are amphibious.
You can wear up to eight rings at the same time.
You can use your tentacles to constrict eight enemies at once.
Your skin changes colour to match your surroundings (Stealth+).
Your rubbery body absorbs attacks. (AC +1, EV +1)


Message History

Aiming: Poisonous Vapours (safe; 5% risk of failure)
Press: ? - help, Dir - move target cursor, f - orc
Aim: an orc, wielding a +0 dagger Poisonous vapours surround the orc!
You feel sick.
The orc is engulfed in poison gas.
The orc is poisoned.
You kill the orc!
You see here a poisoned dart.
You feel sick.
You see here a +0 dagger.
You see here a +2 dagger of protection.
o - a +2 dagger of protection You feel sick.
Your +2 dagger of protection hums with potential!
o - a +2 dagger of protection (weapon)
The ice beast hits you. The ice beast freezes you!
* * * LOW HITPOINT WARNING * * *
Okay, then.
It was a potion of magic.
Magic courses through your body. The ice beast hits you.
You die...

#.....####...##.#
##)##.# ##.## #
##)#.# #.# #(#.# #.#
##.#.# #'# # ##)##.#
#.s.# ...###..##.#
#.....#
#.....Y...##.......#
###...@####.Y.......#
#.......'......<..'.
##...####.........#..
#...# ##.......##@#
..... ...... ###.##.
#. .#


You could see an ice beast.

Vanquished Creatures
  2 eyes of draining (D:3)
  7 adders
  An ooze (D:1)
  4 worms (D:2)
  2 leopard geckos
  5 orcs (D:3)
  2 giant cockroaches (D:3)
  5 goblins
  7 hobgoblins
  6 jackals (D:1)
  3 quokkas
  8 bats
  3 frilled lizards
  8 kobolds
  7 rats
70 creatures vanquished.

Notes
Turn   | Place    | Note
-------+----------+-------------------------------------------
     0 | D:1      | Esekla the Octopode Venom Mage began the quest for the Orb.
     0 | D:1      | Reached XP level 1. HP: 11/11 MP: 3/3
   230 | D:2      | Reached XP level 2. HP: 18/18 MP: 3/5
   255 | D:2      | Learned a level 2 spell: Poisonous Vapours
   284 | D:2      | Reached skill level 4 in Poison Magic
   407 | D:1      | Reached XP level 3. HP: 20/22 MP: 4/6
   412 | D:1      | Learned a level 3 spell: Mephitic Cloud
  1019 | D:2      | Found a shattered altar of Ashenzari.
  1237 | D:2      | Became a worshipper of Ashenzari the Shackled
  1250 | D:2      | Reached XP level 4. HP: 26/27 MP: 2/8
  1251 | D:2      | Reached skill level 1 in Fighting
  1488 | D:2      | Reached skill level 1 in Conjurations
  1488 | D:2      | Reached skill level 1 in Air Magic
  1583 | D:2      | Found a snail-covered altar of Cheibriados.
  1991 | D:2      | Reached XP level 5. HP: 27/33 MP: 6/9
  2295 | D:3      | Found a bloodstained altar of Trog.
  2295 | D:3      | Noticed an eye of draining
  2295 | D:3      | Noticed an eye of draining
  2313 | D:3      | Killed an eye of draining
  2313 | D:3      | Reached XP level 6. HP: 38/38 MP: 0/11
  2326 | D:3      | Killed an eye of draining
  2450 | D:3      | Found a glowing golden altar of the Shining One.
  2727 | D:3      | Noticed an ice beast
  2728 | D:3      | Noticed Sigmund
  2775 | D:3      | Slain by an ice beast

Levels and vault maps discovered:
D:1:      dpeg_arrival_rhombus, layout_basic
D:2:      layout_loops_ring, lemuel_round_altar, cheibriados_altar_1,
          first_ration
D:3:      layout_loops_corners, nicolae_tso_swordbearing_angel,
          trog_eyes_of_draining, uniq_sigmund

Skill      XL: |  1  2  3  4  5  6 |
---------------+-------------------+-----
Poison Magic   | 4 |  4.4
Stealth        | 3 |  3.8
Fighting       | 1 |  1.7
Conjurations   | 1 |  1.6
Air Magic      | 1 2 |  2.2
Spellcasting   | 3 |  3.6
Dodging        | 3 |  3.0
Shields        | |  0.2
Transmutations | |  1.0

Action                   |  1- 3 |  4- 6 || total
-------------------------+-------+-------++-------
Melee: Dagger            |    56 |     1 ||    57
       Constrict         |    16 |    14 ||    30
       Tentacles         |     9 |    11 ||    20
       Short sword       |       |    70 ||    70
 Cast: Sting             |     3 |       ||     3
       Poisonous Vapours |    16 |    32 ||    48
       Mephitic Cloud    |       |     1 ||     1
Invok: Curse Item        |       |     1 ||     1
  Use: Potion            |       |     1 ||     1
 Stab: Sleeping          |     1 |     6 ||     7
       Distracted        |     1 |       ||     1
       Confused          |       |     1 ||     1
  Eat: Chunk             |     2 |     6 ||     8
Armor: Skin              |     7 |     5 ||    12
Dodge: Dodged            |    52 |    47 ||    99

Table legend:
 A = Non-vault XP
 B = Vault XP
 C = Vault XP percentage of total XP
 D = Non-vault monster count
 E = Vault monster count
 F = Vault count percentage of total count
                 A         B        C        D         E       F
            +---------+---------+-------+---------+---------+-------
      Total |     223 |     255 |  53.3 |      66 |       4 |   5.7
            +---------+---------+-------+---------+---------+-------
        D:1 |      42 |       0 |   0.0 |      22 |       0 |   0.0
        D:2 |     135 |       0 |   0.0 |      28 |       0 |   0.0
        D:3 |      46 |     255 |  84.7 |      16 |       4 |  20.0
            +---------+---------+-------+---------+---------+-------
